 Dungeon Crawl Stone Soup version 0.22-a0-422-g9628fc8 (webtiles) character file.

32 4thArraOfDagon the Magician (level 3, -3/24 HPs)
             Began as a Mummy Fire Elementalist on May 16, 2018.
             Shot with a stone by a goblin (6 damage)
             ... led by Robin
             ... on level 3 of the Dungeon.
             The game lasted 00:01:22 (379 turns).

4thArraOfDagon the Magician (MuFE)                   Turns: 379, Time: 00:01:23

Health: -3/24      AC:  3    Str: 11    XL:     3   Next: 10%
Magic:  6/7        EV: 12    Int: 15    God:
Gold:   26         SH:  0    Dex: 12    Spells: 4/8 levels left

rFire    x . .     SeeInvis .   c - +0 spear
rCold    + . .     Gourm    .   (no shield)
rNeg     + + +     Faith    .   a - +1 robe
rPois    ∞         Spirit   .   (no helmet)
rElec    .         Reflect  .   (no cloak)
rCorr    .         Harm     +   (no gloves)
MR       .....                  (no boots)
Stlth    ++........             e - amulet of harm
HPRegen  0.08/turn              (no ring)
MPRegen  0.10/turn              (no ring)

@: no status effects
A: no food or potions, fire vulnerability, cold resistance 1, negative energy
resistance 3, torment resistance, unbreathing
a: no special abilities


You were on level 3 of the Dungeon.
You were not hungry.

You visited 1 branch of the dungeon, and saw 3 of its levels.

You collected 26 gold pieces.

Inventory:

Hand Weapons
 c - a +0 spear (weapon)
Armour
 a - a +1 robe (worn)
Jewellery
 d - a +2 ring of slaying {unknown}
 e - an amulet of harm (around neck)
Scrolls
 g - 2 scrolls of identify {unknown}


   Skills:
 - Level 1.5 Dodging
 - Level 1.5 Stealth
 + Level 3.1 Spellcasting
 * Level 1.6 Conjurations
 * Level 2.9 Fire Magic


You had 4 spell levels left.
You knew the following spells:

 Your Spells              Type           Power        Failure   Level  Hunger
a - Flame Tongue          Conj/Fire      #....        8%          1    N/A
b - Conjure Flame         Conj/Fire      #.......     24%         3    N/A

Your spell library contained the following spells:

 Spells                   Type           Power        Failure   Level  Hunger
 Fireball                 Conj/Fire      #.........   91%         5    N/A
 Throw Flame              Conj/Fire      #.....       12%         2    N/A
 Sticky Flame             Conj/Fire      #.......     61%         4    N/A
 Inner Flame              Hex/Fire       #.......     32%         3    N/A

Dungeon Overview and Level Annotations

Branches:
Dungeon (3/15)

Altars:
Ashenzari

Annotations:
D:3 Robin


Innate Abilities, Weirdness & Mutations

You do not eat or drink.
Your flesh is vulnerable to fire.
You are immune to poison.
Your flesh is cold resistant. (rC+)
You are immune to negative energy. (rN+++)
You are immune to unholy pain and torment.
You can survive without breathing.


Message History

The goblins go into a battle-frenzy!
Unknown command.
As you read the scroll labeled UNWAKL SAEWK, it crumbles to dust.
It is a scroll of enchant armour.
Your +0 robe glows green for a moment.
The bat barely misses you.
The goblin shoots a stone.
The stone completely misses you. The bat hits you but does no damage.
The orc barely misses you. The goblin barely misses you.
Unknown command.
Unknown command.
As you read the scroll labeled LAREOH WASI, it crumbles to dust.
The scroll dissolves into smoke.
It was a scroll of fog.
The bat closely misses you. The goblin hits you with a club.
The orc barely misses you. Robin throws the goblin at you!
The goblin barely misses you. The goblin hits you with a dagger.
* * * LOW HITPOINT WARNING * * *
Unknown command.
Okay, then.
The goblin shoots a stone.
The stone hits you.
You die...

#.
#.###############
#.#.......§g§.....#
..#.......§g§@....#
..........gg§g...(#
..........§gog....#
.........bggg.....#
#...............#
#.....g.........#
#....<..........#
#...............#
#...............#


You could see an orc, a hobgoblin and 5 goblins.

Vanquished Creatures
  2 adders (D:2)
  2 giant cockroaches (D:1)
  2 goblins
  3 hobgoblins
  A bat (D:1)
  A frilled lizard (D:1)
  2 kobolds
  2 rats
15 creatures vanquished.

Notes
Turn   | Place    | Note
-------+----------+-------------------------------------------
     0 | D:1      | 4thArraOfDagon the Mummy Fire Elementalist began the quest for the Orb.
     0 | D:1      | Reached XP level 1. HP: 13/13 MP: 4/4
    96 | D:1      | Reached skill level 1 in Conjurations
   218 | D:1      | Reached XP level 2. HP: 15/19 MP: 2/5
   287 | D:2      | Reached skill level 3 in Spellcasting
   315 | D:2      | Reached XP level 3. HP: 20/24 MP: 2/7
   320 | D:2      | Learned a level 3 spell: Conjure Flame
   368 | D:2      | Found a shattered altar of Ashenzari.
   370 | D:3      | Noticed Robin
   379 | D:3      | Shot with a stone by a goblin

Vault maps used:
D:1:      saegor_arrival_simple_c, minmay_tree_intersection,
          kennysheep_minor_cross
D:2:      grunt_temple_overflow_open, first_ration, hex_tiny,
          minmay_small_reverse_x
D:3:      old_standard_altar, old_standard_altar, overflow_temple_1_default,
          nemelex_spade_bored_becter, uniq_grinder, uniq_robin

Skill      XL: |  1  2 |
---------------+-------+-----
Conjurations   | 1 |  1.6
Spellcasting   | 3 |  3.1
Dodging        | |  1.5
Stealth        | |  1.5
Fire Magic     | |  2.9

Action                   || total
-------------------------++-------
Melee: Unarmed           ||    19
       Spear             ||    16
 Cast: Flame Tongue      ||    21
  Use: Scroll            ||     2
Armor: Robe              ||    12
Dodge: Dodged            ||    46

Table legend:
 A = Spawn XP
 B = Non-spawn XP
 C = Spawn XP percentage of total XP
 D = Spawn monster count
 E = Non-spawn monster count
 F = Spawn count percentage of total count
 G = Total turns spent on level
                    A         B        C        D         E        F      G
               +---------+---------+-------+---------+---------+-------+---------
         Total |       0 |      47 |   0.0 |       0 |      15 |   0.0 |   379
               +---------+---------+-------+---------+---------+-------+---------
           D:1 |       0 |      14 |   0.0 |       0 |       9 |   0.0 |   261
           D:2 |       0 |      33 |   0.0 |       0 |       6 |   0.0 |   109
               +---------+---------+-------+---------+---------+-------+---------
